 Dungeon Crawl Stone Soup version 0.14.2 (webtiles) character file.

28027 KristoblXynda the Grappler (level 13, -1/118 HPs)
             Began as a Troll Skald on Feb 6, 2021.
             Was a Priest of Ashenzari.
             Slain by a four-headed hydra (8 damage)
             ... on Level 14 of the Dungeon.
             The game lasted 00:45:27 (13882 turns).

KristoblXynda the Grappler (Troll Skald)           Turns: 13882, Time: 00:45:27

HP  -1/118       AC 14     Str 23      XL: 13   Next:  4%
MP  17/17        EV 18     Int 12      God: Ashenzari [***...]
Gold 578         SH  0     Dex 11      Spells:  4 memorised,  4 levels left

rFire  . . .     SeeInvis +     v - +7,+2 trident (flame)
rCold  + + .     Clarity  +     P - +0 troll leather armour (curse)
rNeg   + . .     Conserve .     (shield restricted)
rPois  .         rCorr    .     (helmet restricted)
rElec  .         rRot     .     g - +2 cloak "Skuiz" {rC+}
SustAb . .       Spirit   .     (gloves unavailable)
rMut   .         Warding  +     (boots unavailable)
Gourm  +         Stasis   .     C - cursed brooch of Shielding {Ward AC+4 EV+4}
MR     .....                    u - cursed +4 ring of dexterity
                                k - +2 ring of strength

@: not resistant to hostile enchantments, very unstealthy
A: unfitting armour, antennae 1, claws 3, clumsy 1, cold resistance 1, fast
metabolism 3, gourmand, low mp 1, regeneration 2, saprovore 2, shaggy fur 1,
tough skin 2, weak 1
a: Renounce Religion


You were on level 14 of the Dungeon.
You worshipped Ashenzari.
Ashenzari was most pleased with you.
You were very full.

You visited 2 branches of the dungeon, and saw 15 of its levels.
You also visited: Bailey.

You collected 1062 gold pieces.
You spent 484 gold pieces at shops.

Inventory:

Hand weapons
 v - a +7,+2 trident of flaming (weapon)
Armour
 g - the cursed +2 cloak "Skuiz" (worn) {rC+}
   (You bought it in a shop on level 11 of the Dungeon)

   It protects you from cold.
   It has a curse placed upon it.
 i - a +1 large shield of fire resistance
 P - a cursed +0 troll leather armour (worn)
Magical devices
 b - a wand of invisibility (2)
 h - a wand of disintegration (16)
 j - a wand of draining (6)
 m - a wand of paralysis (4)
 n - a wand of fire (2)
 w - a wand of fireball (0)
 E - a wand of heal wounds (0)
 J - a wand of disintegration (2)
Comestibles
 a - 11 meat rations
 r - 10 bread rations
 t - 3 chunks of hog flesh
 U - 2 beef jerkies
 V - 7 cheeses
Scrolls
 d - a scroll of amnesia
 f - 2 scrolls of curse weapon
 l - 3 scrolls of magic mapping
 o - 2 scrolls of fear
 q - 3 scrolls of teleportation
 y - 2 scrolls of immolation
 B - 2 scrolls of enchant armour
 G - a scroll of curse jewellery
 R - 2 scrolls of fog
 S - 4 scrolls of remove curse
Jewellery
 k - a +2 ring of strength (left claw)
 u - a cursed +4 ring of dexterity (right claw)
 z - an uncursed ring of protection from fire
 C - the cursed brooch of Shielding (around neck) {Ward AC+4 EV+4}
   (You found it on level 4 of the Dungeon)

   [amulet of warding]

   It affects your AC (+4).
   It affects your evasion (+4).
   It has a curse placed upon it.
Potions
 e - 12 potions of curing
 p - a potion of cure mutation
 s - a potion of heal wounds
 x - 2 potions of porridge
 A - a potion of beneficial mutation {unknown}
 D - a potion of resistance
 F - a potion of invisibility
 H - a potion of agility
 M - 2 potions of haste
 N - a potion of mutation {unknown}
 O - a potion of might
Books
 c - a book of Battle

   Spells                             Type                      Level
   *Infusion                          Charms                       1
   Shroud of Golubria                 Charms/Translocation         2
   Song of Slaying                    Charms                       2
   Spectral Weapon                    Hexes/Charms                 3
   *Regeneration                      Charms/Necromancy            3
 I - a book of Alchemy

   Spells                             Type                      Level
   *Lethal Infusion                   Charms/Necromancy            2
   Sublimation of Blood               Necromancy                   2
   Condensation Shield                Ice                          4
   *Petrify                           Transmutation/Earth          4
   Ignite Poison                      Fire/Transmutation           5


   Skills:
 - Level 5.0 Fighting
 + Level 9.7(11.5) Dodging
 + Level 11.5 Unarmed Combat
 - Level 1.2 Spellcasting
 - Level 7.5(9.4) Charms
 + Level 4.4(6.2) Necromancy
 + Level 7.3(9.2) Evocations


You had 4 spell levels left.
You knew the following spells:

 Your Spells              Type           Power        Failure   Level  Hunger
a - Infusion              Chrm           ###...       1%          1    ##.....
b - Regeneration          Chrm/Necr      ###.......   3%          3    ####...
c - Lethal Infusion       Chrm/Necr      ###.......   1%          2    ###....
d - Petrify               Trmt/Erth      #.......     100%        4    #####..


Dungeon Overview and Level Annotations

Branches:
Dungeon (14/15)            Temple (1/1) D:5             Orc (0/4) D:12
   Lair (0/8) D:9          Vaults (0/5) D:13

Altars:
Ashenzari
Cheibriados
Dithmenos
Elyvilon
Fedhas
Kikubaaqudgha
Makhleb
Nemelex Xobeh
Okawaru
Sif Muna
Trog
Vehumet
Xom
Yredelemnul
Zin
The Shining One
Beogh

Shops:
D:11 [


Innate Abilities, Weirdness & Mutations

You are too large for most types of armour.
You have claws for hands.
Your metabolism is lightning-fast.
You like to eat raw meat.
You heal very quickly.
You can eat rotten meat.
You are covered in fur (AC +1).
You have very tough skin (AC +2).
You have a pair of small antennae on your head.
You are clumsy. (Dex -2)
Your flesh is cold resistant.
Your magical capacity is low (-10% MP).
You are weak. (Str -2)


Message History

* * * LOW HITPOINT WARNING * * *
The four-headed hydra bites you.
* * * LOW HITPOINT WARNING * * *
The four-headed hydra closely misses you.
Unknown command.
Drink which item? (? for menu, Esc to quit)
You feel much better. The four-headed hydra bites you!
* * * LOW HITPOINT WARNING * * *
The four-headed hydra bites you but does no damage.
The four-headed hydra bites you.
* * * LOW HITPOINT WARNING * * *
The four-headed hydra bites you but does no damage.
You puncture the four-headed hydra! You burn the four-headed hydra.
The four-headed hydra is almost dead.
The four-headed hydra bites you!
* * * LOW HITPOINT WARNING * * *
The four-headed hydra bites you!
* * * LOW HITPOINT WARNING * * *
The four-headed hydra bites you!
You die...

####...).#...............,
, #.###..)......#..... ,
#.# #..).####.#..#
#.###.#)## #....# * *
#.....#(# #.#..###.# .. ,
###.#.#.# #.%%...@>#... ,
#.#.#.# #)#..##......
#.#.#.# #D#..##.......
#.#...#####@#......h....,
, #...........#...........
* ####.(########.##.#.###
* #########(.# #..,.# # ,
#..........# ### ,# ,
#.#######.## *
.......[...# *,
#.#######..# ,,, #.# #..#
* ,


You could see a four-headed hydra.

Vanquished Creatures
  Kirke (D:14)
  An ice dragon (D:13)
  An iron troll (D:13)
  2 centaur warriors (D:13)
  2 unseen horrors (D:10)
  The ghost of britomartis the Martial Artist, an experienced OpWn of Okawaru (D:9)
  2 hill giants
  Erolcha (D:12)
  An orc knight (Bailey)
  A manticore (D:12)
  4 cyclopes
  4 slime creatures (D:13)
  Psyche (D:11)
  An efreet (D:10)
  A komodo dragon (D:13)
  A fire drake (D:9)
  5 trolls
  A wind drake (shapeshifter) (D:13)
  4 two-headed ogres
  A vampire (D:12)
  3 hogs
  A hippogriff (D:8)
  3 deep elf magi
  13 ugly things
  2 hill giant zombies
  A steam dragon (D:10)
  Grum (D:9)
  4 hungry ghosts
  A human (D:9)
  3 yaks
  4 wolves (D:9)
  A soldier ant (D:13)
  A mottled dragon (D:9)
  2 water moccasins
  An ice beast (D:5)
  A necrophage (D:10)
  A tengu skeleton (D:12)
  4 phantoms
  A sky beast (D:10)
  3 ogres
  9 orc warriors
  4 black bears
  The ghost of KristoblXynda the Chopper, an average DrSk (D:3)
  A manticore skeleton (D:14)
  2 crocodiles
  10 centaurs
  13 big kobolds
  Duvessa (D:9)
  A yaktaur zombie (D:13)
  12 giant frogs
  A gnoll sergeant (D:9)
  Blork the orc (D:4)
  A cyclops zombie (D:13)
  2 scorpions
  19 wights
  8 killer bees
  4 quasits
  3 jellies
  Dowan (D:9)
  4 goliath beetles
  11 orc priests
  7 crimson imps
  4 iguanas
  2 hounds (D:13)
  10 orc wizards
  7 worker ants
  A sheep (D:9)
  Jessica (D:2)
  2 mottled dragon zombies
  A hound skeleton (D:7)
  A mummy (D:9)
  7 gnolls
  14 adders
  An orc skeleton (D:12)
  2 orc zombies
  6 shadow imps
  A white imp (D:9)
  5 worms
  2 inept feature mimics
  An adder skeleton (D:5)
  5 giant geckos
  An ooze (D:3)
  74 orcs
  9 giant cockroaches
  13 goblins
  20 hobgoblins
  65 kobolds
  4 quokkas
  8 ball pythons (D:3)
  17 bats
  A giant gecko skeleton (D:4)
  3 giant newts
  A giant spore (D:13)
  A hobgoblin zombie (D:8)
  13 jackals
  A quokka zombie (D:7)
  17 rats
  2 ballistomycetes (D:13)
526 creatures vanquished.

Vanquished Creatures (others)
  A centaur zombie (D:10)
  An orc (D:11)
  A kobold (D:9)
3 creatures vanquished.

Grand Total: 529 creatures vanquished

Notes
Turn   | Place    | Note
--------------------------------------------------------------
     0 | D:1      | KristoblXynda, the Troll Skald, began the quest for the Orb.
     0 | D:1      | Reached XP level 1. HP: 19/19 MP: 2/2
   256 | D:1      | Reached XP level 2. HP: 28/28 MP: 2/2
   791 | D:1      | Reached XP level 3. HP: 27/35 MP: 3/3
  1124 | D:2      | Noticed Jessica
  1132 | D:2      | Killed Jessica
  1132 | D:2      | Reached XP level 4. HP: 40/42 MP: 4/4
  1227 | D:2      | Reached skill level 3 in Unarmed Combat
  1276 | D:2      | Found an ancient bone altar of Kikubaaqudgha.
  1276 | D:2      | Found a snail-covered altar of Cheibriados.
  1277 | D:2      | Found a white marble altar of Elyvilon.
  1543 | D:3      | Noticed KristoblXynda's ghost (average DrSk)
  1558 | D:3      | Killed KristoblXynda's ghost
  1558 | D:3      | Reached XP level 5. HP: 50/50 MP: 4/4
  2427 | D:3      | Reached XP level 6. HP: 38/59 MP: 5/5
  2533 | D:4      | Reached skill level 4 in Unarmed Combat
  2905 | D:4      | Reached XP level 7. HP: 51/67 MP: 5/5
  3395 | D:4      | Noticed Blork the orc
  3410 | D:4      | Killed Blork the orc
  3587 | D:5      | Entered Level 5 of the Dungeon
  3806 | D:5      | Reached skill level 5 in Unarmed Combat
  3880 | D:5      | Reached XP level 8. HP: 44/78 MP: 6/6
  3966 | D:5      | Found a staircase to the Ecumenical Temple.
  4060 | Temple   | Entered the Ecumenical Temple
  4073 | Temple   | Became a worshipper of Ashenzari the Shackled
  5193 | D:6      | Reached skill level 6 in Unarmed Combat
  5207 | D:6      | Reached skill level 5 in Fighting
  5468 | D:6      | Reached skill level 5 in Dodging
  5468 | D:6      | Reached XP level 9. HP: 79/88 MP: 7/7
  6112 | D:7      | Learned a level 3 spell: Regeneration
  6225 | D:7      | Reached skill level 5 in Charms
  6645 | D:8      | Reached skill level 7 in Unarmed Combat
  7080 | D:9      | Reached skill level 1 in Evocations
  7080 | D:9      | Reached XP level 10. HP: 70/96 MP: 7/7
  7219 | D:9      | Found a flagged portal.
  7228 | Bailey   | Entered a bailey
  7433 | Bailey   | Noticed an orc knight
  7433 | Bailey   | Noticed an orc knight
  7828 | Bailey   | Noticed an orc knight
  7841 | Bailey   | Killed an orc knight
  7841 | Bailey   | Reached skill level 8 in Unarmed Combat
  8240 | D:9      | Noticed Duvessa
  8240 | D:9      | Noticed Dowan
  8259 | D:9      | Killed Dowan
  8274 | D:9      | Noticed britomartis' ghost (experienced OpWn)
  8274 | D:9      | Killed Duvessa
  8307 | D:9      | Killed britomartis' ghost
  8332 | D:9      | Noticed a fire drake
  8452 | D:9      | Found a deep blue altar of Sif Muna.
  8668 | D:9      | Noticed Grum
  8695 | D:9      | Killed Grum
  8766 | D:9      | Killed a fire drake
  8766 | D:9      | Reached skill level 9 in Unarmed Combat
  8811 | D:9      | Acquired Ashenzari's first power
  8976 | D:9      | Found a staircase to the Lair.
  9006 | D:9      | Reached XP level 11. HP: 81/102 MP: 10/10
  9193 | D:10     | Entered Level 10 of the Dungeon
  9287 | D:10     | Killed an unseen horror
  9665 | D:10     | Killed an unseen horror
  9726 | D:10     | Gained mutation: You are weak. (Str -2) [mutagenic meat]
 10008 | D:10     | Noticed a hill giant
 10017 | D:10     | Killed a hill giant
 10233 | D:11     | Noticed Psyche
 10256 | D:11     | Killed Psyche
 10260 | D:11     | Reached skill level 5 in Evocations
 10800 | D:11     | Reached skill level 10 in Unarmed Combat
 10968 | D:11     | Found Kheokloz's Armour Shop.
 11102 | D:11     | Bought the +2 cloak "Skuiz" {rC+} for 484 gold pieces
 11272 | D:11     | Identified the cursed -3 ring mail of the Illusory Curses {+Rage rElec rPois}
 11455 | D:12     | Found a staircase to the Orcish Mines.
 11579 | D:12     | Noticed Erolcha
 11593 | D:12     | Killed Erolcha
 11897 | D:12     | Reached XP level 12. HP: 95/111 MP: 16/16
 12004 | D:13     | Reached skill level 1 in Necromancy
 12602 | D:13     | Gained mutation: Your magical capacity is low (-10% MP). [mutagenic meat]
 12605 | D:13     | Gained mutation: You are clumsy. (Dex -2) [mutagenic meat]
 12606 | D:13     | Gained mutation: You have a pair of small antennae on your head. [mutagenic meat]
 12607 | D:13     | Gained mutation: Your flesh is cold resistant. [mutagenic meat]
 12684 | D:13     | Learned a level 2 spell: Lethal Infusion
 12903 | D:13     | Reached skill level 11 in Unarmed Combat
 13188 | D:13     | Noticed an ice dragon
 13197 | D:13     | Killed an ice dragon
 13227 | D:13     | Found a gate to the Vaults.
 13291 | D:13     | Acquired Ashenzari's second power
 13322 | D:13     | Found a roughly hewn altar of Beogh.
 13771 | D:14     | Learned a level 4 spell: Petrify
 13830 | D:14     | Noticed Kirke
 13857 | D:14     | Noticed a four-headed hydra
 13870 | D:14     | Killed Kirke
 13870 | D:14     | Reached XP level 13. HP: 81/118 MP: 17/17
 13882 | D:14     | Slain by a four-headed hydra

Action                   |  1- 3 |  4- 6 |  7- 9 | 10-12 | 13-15 || total
-------------------------+-------+-------+-------+-------+-------++-------
Melee: Unarmed           |   112 |   196 |   521 |  1089 |       ||  1918
       Halberd           |       |       |       |     4 |       ||     4
       Trident           |       |       |       |       |     7 ||     7
Evoke: Wand              |       |       |     6 |    19 |     2 ||    27
  Use: Scroll            |     4 |     3 |    12 |    14 |       ||    33
       Potion            |       |     1 |     1 |    10 |     1 ||    13
 Stab: Sleeping          |       |       |     1 |       |       ||     1
       Paralysed         |       |       |       |     7 |       ||     7
